 Dungeon Crawl Stone Soup version 0.28-a0-1143-gcf6077d4cc (webtiles) character file.

Game seed: 9064349242773945087

47 tilp the Chiller (level 3, -3/14 HPs)
             Began as a Felid Ice Elementalist on Dec 13, 2021.
             Slain by Terence (6 damage)
             ... on level 2 of the Dungeon.
             The game lasted 00:02:17 (1465 turns).

tilp the Chiller (Felid Ice Elementalist)           Turns: 1465, Time: 00:02:17

Health: -3/14      AC:  1    Str:  4    XL:     3   Next: 48%
Magic:  5/8        EV: 17    Int: 18    God:
Gold:   24         SH:  0    Dex: 16    Spells: 3/7 levels left
                                        Lives:  0   Deaths: 0

rFire   . . .      SeeInvis +     - Unarmed
rCold   . . .      Faith    .   (shield unavailable)
rNeg    . . .      Spirit   .   (armour unavailable)
rPois   .          Reflect  .   (helmet unavailable)
rElec   .          Harm     .   (cloak unavailable)
rCorr   .          Rampage  .   (gloves unavailable)
Will    .....                   (boots unavailable)
Stlth   ++........              (no amulet)
HPRegen 0.04/turn               (no ring)
MPRegen 0.11/turn               (no ring)

@: freezing walls, quick
A: very small, claws 1, fangs 3, see invisible, speed 1, shaggy fur 1, stealthy
paws, no weapons or thrown items, no armour, multi-lived
a: no special abilities


You were on level 2 of the Dungeon.
You visited 1 branch of the dungeon, and saw 2 of its levels.

You collected 24 gold pieces.

Inventory:

Scrolls
 d - a scroll of magic mapping {unknown}
 e - a scroll of fog {unknown}
Potions
 a - a potion of mutation {unknown}
 b - a potion of curing {unknown}
 c - a potion of attraction {unknown}


   Skills:
 - Level 2.6 Dodging
 - Level 2.6 Stealth
 - Level 2.0 Unarmed Combat
 * Level 2.7 Spellcasting
 + Level 3.8 Ice Magic


You had 3 spell levels left.
You knew the following spells:

 Your Spells              Type           Power      Damage    Failure   Level
a - Freeze                Ice            64%        1d8       3%          1
b - Frozen Ramparts       Ice            32%        1d5       11%         3

Your spell library contained the following spells:

 Spells                   Type           Power      Damage    Failure   Level
 Ozocubu's Armour         Ice            16%        N/A       11%         3
 Hailstorm                Conj/Ice       9%         3d4       58%         4


Dungeon Overview and Level Annotations

Branches:
Dungeon (2/15)

Altars:

Annotations:
D:2 Terence


Innate Abilities, Weirdness & Mutations

You have sharp claws.
You have razor-sharp teeth.
You have supernaturally acute eyesight. (SInv)
You cover ground quickly. (Speed+)
You are covered in fur. (AC +1)
Your paws help you pounce on unaware monsters.
You are incapable of wielding weapons or throwing items.
You cannot wear armour.
You gain extra lives every three experience levels.


Message History

Press: ? - help, Dir - look around, f - activate The walls around you are covered in ice.
The wall freezes the quokka.
The quokka closely misses you.
You closely miss the quokka. Your bite misses the quokka.
The quokka is moderately wounded.
The wall freezes the quokka.
You kill the quokka!
Unknown command.
The wall freezes the goblin.
You kill the goblin!
The wall freezes the ball python. x2
You kill the ball python!
The frozen ramparts melt away.
A hobgoblin comes into view.
Terence the Incautious comes into view.
He is wielding a +0 trident.
The hobgoblin shouts!
Found a pair of boots.
You see here a +1 spear of venom.
Terence shouts!
Terence shouts, "Now you die!"
Casting: Frozen Ramparts (potentially lethal; 11% risk of failure)
Confirm with . or Enter, or press ? or * to list all spells.
The spell is potentially lethal to miscast (11% risk of failure)!
Continue anyway?
Casting: Frozen Ramparts (potentially lethal; 11% risk of failure)
Press: ? - help, Dir - look around, f - activate The walls around you are covered in ice.
The wall freezes Terence.
The wall freezes Terence.
Terence hits you from afar with a +0 trident!
Ouch! That really hurt!
* * * LOW HITPOINT WARNING * * *
The wall freezes the hobgoblin.
Unknown command.
The wall freezes Terence.
Terence barely misses you.
The wall freezes the hobgoblin.
You kill the hobgoblin!
Unknown command.
The wall freezes Terence.
Terence hits you from afar with a +0 trident.
You die...

.....#.# #.#.#..........#....###
.....#.# #.#.########.#....###
#..#.#.# #.#.# #......#..###
#..#.#.# #.#.# #.######....#
#..#.#.# #.#.# #......# #..#.#.#
#.#.# #..###...# ####.#.# #.#.#
.....###..
.....#.####.#.###########.....###
................@.@............[
#######.################).....#
........# #....### #########
#..### .# #... .# #.... .# ######
.# .#


You could see Terence.

Vanquished Creatures
  2 dart slugs (D:1)
  4 ball pythons
  4 bats
  5 endoplasms
  A giant cockroach (D:1)
  6 goblins
  2 hobgoblins
  3 jackals (D:1)
  5 kobolds
  2 quokkas
  A frilled lizard (D:1)
  A rat (D:1)
36 creatures vanquished.

Notes
Turn   | Place    | Note
-------+----------+-------------------------------------------
     0 | D:1      | tilp the Felid Ice Elementalist began the quest for the
                  | Orb.
     0 | D:1      | Reached XP level 1. HP: 7/7 MP: 4/4
    56 | D:1      | Reached skill level 1 in Unarmed Combat
   359 | D:1      | Reached XP level 2. HP: 10/11 MP: 1/6
   755 | D:1      | Reached XP level 3. HP: 14/14 MP: 4/7
   759 | D:1      | Learned a level 3 spell: Frozen Ramparts
  1451 | D:2      | Noticed Terence
  1465 | D:2      | Slain by Terence

Illustrated notes

Levels and vault maps discovered:
D:1:      eino_arrival_cavern_e, layout_loops_cross
D:2:      layout_basic, basic_altar, grunt_ministairs_3, st_stairs_12,
          minmay_unequal, uniq_terence, uniq_natasha, uniq_jessica

Skill      XL: |  1  2 |
---------------+-------+-----
Unarmed Combat | 1 2 |  2.0
Dodging        | |  2.6
Stealth        | |  2.6
Spellcasting   | |  2.7
Ice Magic      | |  3.8

Action                   || total
-------------------------++-------
Melee: Unarmed           ||    18
       Bite              ||     1
 Cast: Freeze            ||    28
       Frozen Ramparts   ||     4
  Use: Scroll            ||     1
 Stab: Sleeping          ||    11
Armor: Skin              ||     1
Dodge: Dodged            ||    19

Table legend: (Time is in decaauts)
 A = Elapsed time spent in this place.
 B = Non-inter-level travel time spent in this place.
 C = Inter-level travel time spent in this place.
 D = Time resting spent in this place.
 E = Time spent auto-exploring this place.
 F = Levels seen in this place.
 G = Mean time per level.
                   A        B        C        D        E       F      G
               +--------+--------+--------+--------+--------+-----+--------+
         Total |   1293 |   1288 |      5 |    188 |    895 |   2 |  646.5 |
       Dungeon |   1293 |   1288 |      5 |    188 |    895 |   2 |  646.5 |
               +--------+--------+--------+--------+--------+-----+--------+

Top non-repeatable levels by time:
     D:1: 978 daAuts
     D:2: 315 daAuts
